 Dungeon Crawl Stone Soup version 0.26.1-11-gd32895ea62 (webtiles) character file.

Game seed: 1406343827702261781

1270 Klatu the Fighter (level 8, -9/63 HPs)
             Began as a Human Wanderer on May 22, 2021.
             Mangled by Menkaure (14 damage)
             ... on level 4 of the Dungeon.
             The game lasted 00:32:54 (7286 turns).

Klatu the Fighter (Human Wanderer)                  Turns: 7286, Time: 00:32:55

Health: -9/63      AC:  9    Str: 11 (14) XL:     8   Next: 83%
Magic:  8/8        EV:  9    Int: 17 (19) God:
Gold:   277        SH:  0    Dex: 10 (11) Spells: 7/7 levels left

rFire    . . .     SeeInvis .   a - +0 flail (vorpal)
rCold    . . .     Faith    .   A - +0 buckler {AC+3}
rNeg     . . .     Spirit   .   c - +0 ring mail
rPois    .         Reflect  +   (helmet restricted)
rElec    .         Harm     .   (no cloak)
rCorr    .         Rampage  .   (no gloves)
Will     .....                  r - +0 pair of boots
Stlth    ..........             j - amulet of reflection
HPRegen  0.20/turn              p - +6 ring of intelligence
MPRegen  0.11/turn              (no ring)

@: confused, brilliant, attractive, flying, very slightly contaminated, hasted,
invisible, very quick
A: horns 1, frail 1, weak 1
a: no special abilities


You were on level 4 of the Dungeon.
You visited 2 branches of the dungeon, and saw 7 of its levels.

You collected 277 gold pieces.

Inventory:

Hand Weapons
 a - a +0 vorpal flail (weapon)
 b - a +2 shortbow
Missiles
 u - 56 arrows
Armour
 c - a +0 ring mail (worn)
 r - a +0 pair of boots (worn)
 A - a +0 buckler of protection (worn)
Jewellery
 j - an amulet of reflection (around neck)
 p - a +6 ring of intelligence (left hand)
Wands
 y - a wand of polymorph (13)
Scrolls
 e - 3 scrolls of fear
 f - 3 scrolls of teleportation {unknown}
 k - a scroll of blinking {unknown}
 n - a scroll of identify
 q - 4 scrolls of amnesia
 v - 3 scrolls of remove curse {unknown}
 w - a scroll of enchant weapon {unknown}
 E - a scroll of noise {unknown}
Potions
 g - a potion of flight
 h - a potion of degeneration
 i - a potion of brilliance
 l - a potion of magic {unknown}
 m - a potion of mutation
 o - 6 potions of curing
 s - a potion of attraction
 t - a potion of might {unknown}
 x - a potion of invisibility
 z - a potion of berserk rage {unknown}
 B - a potion of heal wounds {unknown}
 D - a potion of cancellation {unknown}


   Skills:
 + Level 9.1 Fighting
 - Level 6.0 Bows
 - Level 2.0 Throwing
 - Level 1.0 Armour
 - Level 4.0 Shields


You had 7 spell levels left.
You didn't know any spells.
Your spell library was empty.

Dungeon Overview and Level Annotations

Branches:
Dungeon (6/15)             Temple (1/1) D:4

Altars:
Ashenzari
Cheibriados
Dithmenos
Fedhas
Gozag
Hepliaklqana
Kikubaaqudgha
Makhleb
Okawaru
Uskayaw
Vehumet
Xom
Yredelemnul
Zin
The Shining One

Annotations:
D:2 exclusion: 5 gnolls
D:3 Sigmund
D:4 Edmund, Menkaure
D:6 exclusion: ogre


Innate Abilities, Weirdness & Mutations

You have a pair of small horns on your head.
You are frail. (-10% HP)
You are weak. (Str -2)


Message History

You hit Menkaure but do no damage. Menkaure barely misses you.
Menkaure rustles a few words.
Menkaure barely misses you.
You bump into the rock wall.
Menkaure calls on the powers of darkness!
Your body is wracked with pain!
* * * LOW HITPOINT WARNING * * *
You feel less invigorated.
You feel less confused.
It was a potion of haste.
You feel yourself speed up.
Menkaure calls on the powers of darkness!
Your body is wracked with pain!
* * * LOW HITPOINT WARNING * * *
Menkaure points at you and mumbles some strange words.
Pain shoots through your body!
* * * LOW HITPOINT WARNING * * *
Menkaure is pulled toward you!
You are confused.
You feel invigorated. Menkaure hits you!
You die...

#.###..................)..
#. ####.........#.#.###.#.
#. #............#.......##
#. #.##.#.......###.#####
#.##.##.######### #.#
#.†.....#########
####.####.......#
##.......M###..#
#.....##@## ##.#
#........## ##....#
#.........# .####
##........# .# ##.....##.#
## ##..... ..# ##.### #..
## ##


You could see Menkaure (fast).

Vanquished Creatures
  Grinder (D:4)
  Duvessa (D:4)
  An ice beast (D:4)
  A phantom (D:5)
  2 centaurs
  A bullfrog (D:6)
  Dowan (D:4)
  A hound (D:5)
  2 bullfrog skeletons
  A gnoll shaman (D:5)
  An iguana (D:4)
  Terence (D:3)
  4 worker ants
  3 gnolls (D:5)
  10 adders
  A shadow imp (D:5)
  An ooze (D:2)
  An adder skeleton (D:6)
  2 worms
  A dart slug (D:1)
  5 leopard geckos
  8 orcs
  4 giant cockroaches
  6 goblins
  7 hobgoblins
  19 jackals
  10 bats
  4 frilled lizards
  A giant cockroach zombie (D:6)
  6 kobolds
  8 rats
115 creatures vanquished.

Vanquished Creatures (others)
  4 plants (D:4)
4 creatures vanquished.

Grand Total: 119 creatures vanquished

Notes
Turn   | Place    | Note
-------+----------+-------------------------------------------
     0 | D:1      | Klatu the Human Wanderer began the quest for the Orb.
     0 | D:1      | Klatu set off with the following items: a +2 shortbow, 28
                  | arrows, a +0 ring mail, a potion of lignification
     0 | D:1      | Reached XP level 1. HP: 15/15 MP: 1/1
   192 | D:1      | Reached XP level 2. HP: 12/22 MP: 2/2
   349 | D:1      | Reached skill level 2 in Fighting
   896 | D:1      | Reached XP level 3. HP: 28/28 MP: 3/3
  1638 | D:2      | Reached skill level 3 in Fighting
  2503 | D:2      | Reached XP level 4. HP: 34/35 MP: 4/4
  3511 | D:3      | Reached skill level 4 in Fighting
  3697 | D:3      | Reached XP level 5. HP: 43/43 MP: 5/5
  3714 | D:3      | Found a shimmering altar of Xom.
  3874 | D:3      | Noticed Sigmund
  4369 | D:3      | Noticed Terence
  4380 | D:3      | Killed Terence
  4381 | D:3      | Reached skill level 5 in Fighting
  4665 | D:3      | Found a glowing silver altar of Zin.
  4665 | D:3      | Found an opulent altar of Gozag.
  4718 | D:3      | You fall into a shaft and drop 3 floors!
  4724 | D:6      | Noticed a centaur
  4729 | D:6      | Killed a centaur
  4730 | D:6      | Reached skill level 6 in Fighting
  4730 | D:6      | Reached XP level 6. HP: 40/52 MP: 6/6
  4893 | D:6      | Found a shadowy altar of Dithmenos.
  4894 | D:6      | Found a radiant altar of Vehumet.
  4929 | D:6      | Noticed an ogre
  4958 | D:6      | Reached XP level 7. HP: 59/59 MP: 7/7
  5127 | D:5      | Entered Level 5 of the Dungeon
  5203 | D:4      | Noticed Duvessa
  5203 | D:4      | Noticed Dowan
  5279 | D:5      | Reached skill level 7 in Fighting
  5337 | D:5      | HP: 3/90 [centaur/cursed -1 shortbow (5)]
  5686 | D:5      | Reached skill level 1 in Shields
  6032 | D:4      | Noticed Edmund
  6112 | D:3      | Reached skill level 8 in Fighting
  6112 | D:3      | Reached XP level 8. HP: 66/68 MP: 8/8
  6191 | D:4      | Found a staircase to the Ecumenical Temple.
  6494 | D:4      | Noticed Grinder
  6494 | D:4      | Paralysed by Grinder for 6 turns
  6508 | D:4      | Paralysed by Grinder for 4 turns
  6550 | D:4      | Killed Grinder
  6673 | D:4      | Killed Dowan
  6718 | D:4      | Killed Duvessa
  6719 | D:4      | Reached skill level 9 in Fighting
  6827 | Temple   | Entered the Ecumenical Temple
  7269 | D:4      | Noticed Menkaure
  7273 | D:4      | Gained mutation: You are weak. (Str -2) [potion of
                  | mutation]
  7273 | D:4      | Gained mutation: You are frail. (-10% HP) [potion of
                  | mutation]
  7273 | D:4      | Gained mutation: You have a pair of small horns on your
                  | head. [potion of mutation]
  7277 | D:4      | HP: 2/63 [Menkaure/nerve-wracking pain (9)]
  7285 | D:4      | HP: 2/63 [Menkaure/nerve-wracking pain (7)]
  7286 | D:4      | Mangled by Menkaure

Illustrated notes

Levels and vault maps discovered:
D:1:      wander_arrival_chamber, layout_loops_corners
D:2:      layout_basic, roderic_roman_lattice
D:3:      layout_loops_ring, grunt_temple_overflow_gold_and_silver,
          lemuel_round_altar, uniq_sigmund, uniq_terence
D:4:      layout_loops_cross, minmay_temple_entry_gardened_gates, st_stairs_12,
          minmay_cupped, uniq_menkaure, uniq_grinder, uniq_edmund, uniq_duvessa
D:5:      layout_cave_pools, trog_eyes_of_draining, general_overflow_altar,
          serial_shops, shop, serial_gnoll_camp, gnoll_camp_mini_hut,
          gnoll_camp_mini_loothouse, gnoll_camp_mini_basic, gnoll_camp_mini_hut,
          gnoll_camp_mini_shop, wad_floor_pattern_untrapped
D:6:      layout_loops_ring, grunt_temple_overflow_open, elyvilon_altar_4,
          uniq_crazy_yiuf_cottage
Temple:   eino_temple_lava

Skill      XL: |  1  2  3  4  5  6  7  8 |
---------------+-------------------------+-----
Fighting       | 2 3 4 6 8 9 |  9.1
Shields        | 1 4 |  4.0
Bows           | |  6.0
Throwing       | |  2.0
Armour         | |  1.0

Action                   |  1- 3 |  4- 6 |  7- 9 || total
-------------------------+-------+-------+-------++-------
Melee: Club              |    56 |       |       ||    56
       Shortbow          |    10 |       |       ||    10
       Dagger            |   100 |     4 |       ||   104
       Rapier            |       |    25 |       ||    25
       Short sword       |       |    22 |       ||    22
       Flail             |       |    99 |   172 ||   271
       Unarmed           |       |       |     4 ||     4
 Fire: Shortbow          |     4 |    23 |    40 ||    67
  Use: Potion            |       |       |    11 ||    11
       Scroll            |       |       |     4 ||     4
Armor: Ring mail         |    91 |    49 |    71 ||   211
       Skin              |       |       |    32 ||    32
Dodge: Dodged            |    85 |    69 |    76 ||   230
Block: Other             |    22 |    34 |    12 ||    68
       Reflection        |       |     1 |     5 ||     6
       Buckler           |       |       |    77 ||    77
